[Event "Chpt Reg Jeunes Occitanie 2026 - Espalion"]
[Site "Espalion, France"]
[Round "6.1"]
[ECO "?"]
[Annotator "?"]
[TimeControl "1h30 + 30sec/cp"]

1. d4 d5 2.
Nc3 Nf6 3.
Bf4 c5 4.
e4 Nxe4 5.
Nxe4 dxe4 6. dxc5 Qa5+ 7. c3 Qxc5 8. Qa4+ Nc6 9. Qxe4 g6 10. Nf3 Bg7 11. Rd1 Qb6 12. Qc2 Be6 13. b3 Rc8 14. Qd2 Qa5 15. Rc1 O-O 16. Bd3 Rfd8 17. Qc2 Nb4 18. cxb4 Qxb4+ 19. Bd2 Rxc2 20. Rxc2 Qg4 21. Be2 Qe4 22.
Rc1 Rc8 23. Rxc8+ Bxc8 24. Be3 Bc3+ 25. Bd2 Qb1+ 26. Bd1 Bxd2+ 27. Nxd2 Qxa2 28. Nc4 Be6 29. O-O Bxc4 30. bxc4 Qxc4 31.
Bf3 b5 0-1

[White "DECLERCK, Timothee"]
[Black "AK, Maxime"]
[WhiteElo "1854"]
[BlackElo "1800"]
[Result "1/2-1/2"]
[Date "2026.03.06"]

[Event "Chpt Reg Jeunes Occitanie 2026 - Espalion"]
[Site "Espalion, France"]
[Round "6.2"]
[ECO "?"]
[Annotator "?"]
[TimeControl "1h30 + 30sec/cp"]

1. d4 Nf6 2. c4 e6 3.
Nc3 d5 4.
cxd5 exd5 5. Bg5 c6 6. e3 Bf5 7. Qf3 Bg6 8. Bxf6 Qxf6 9. Qxf6 gxf6 10. Nf3 Nd7 11. Nh4 Bd6 12. Ne2 Bb4+ 13. Kd1 Nf8 14. Ng3 Ne6 15. Ngf5 Bf8 16. Bd3 Kd7 17. Ke2 Re8 18. a3 Nf4+ 19.
Kd2 Nxd3 20. Kxd3 Re4 21. Kd2 Bxf5 22. Nxf5 Rg4 23. g3 Rg5 24. Nh4 Bd6 25. Rhc1 a5 26. b3 Ra8 27. Kc3 Ra6 28. b4 axb4+ 29. axb4 Rb6 30. Rcb1 Rg8 31. Nf5 Ke6 32. Nh4 Kd7 1/2-1/2

[White "POSOCCO DE GRANDI, Marc"]
[Black "KERCKHOVE, Cody"]
[WhiteElo "1871"]
[BlackElo "1588"]
[Result "1-0"]
[Date "2026.03.06"]

[Event "Chpt Reg Jeunes Occitanie 2026 - Espalion"]
[Site "Espalion, France"]
[Round "6.3"]
[ECO "?"]
[Annotator "?"]
[TimeControl "1h30 + 30sec/cp"]

1. d4 Nf6 2. c4 g6 3.
Nc3 d5 4.
Nf3 Bg7 5.
e3 O-O 6.
Be2 c6 7.
O-O Nbd7 8.
Bd2 Re8 9.
Qb3 Qb6 10.
cxd5 Qxb3 11. axb3 cxd5 12. Nb5 Rb8 13. Rxa7 e6 14. Ba5 b6 15. Bb4 Rb7 16. Raa1 Bf8 17. Bd6 Ne4 18. Bf4 Nb8 19. Ra7 Rxa7 20. Nxa7 Ba6 21.
Bb5 Bxb5 22. Nxb5 Bb4 23. Rc1 Na6 24. Ne5 Nd6 25. Nxd6 Bxd6 26. Nxg6 hxg6 27. Bxd6 b5 28. Rc6 Ra8 29. h4 Ra7 30. Be5 Kf8 31. g4 Nb4 32. Bd6+ 1-0

[White "COLLAS, Anthony"]
[Black "LADIER, Lucas"]
[WhiteElo "1672"]
[BlackElo "1833"]
[Result "0-1"]
[Date "2026.03.06"]

[Event "Chpt Reg Jeunes Occitanie 2026 - Espalion"]
[Site "Espalion, France"]
[Round "6.4"]
[ECO "?"]
[Annotator "?"]
[TimeControl "1h30 + 30sec/cp"]

1. e4 c5 2.
Nf3 e6 3.
d4 cxd4 4.
Nxd4 Nf6 5.
Bd3 Nc6 6.
Be3 d5 7.
Nd2 Be7 8.
O-O O-O 9.
exd5 Nxd5 10. Nxc6 bxc6 11. Qh5 g6 12. Qf3 Nxe3 13. fxe3 Rb8 14. Nb3 c5 15. Rad1 Qc7 16. g3 c4 17. Bxc4 Qxc4 18. Rd4 Qc7 19. Rh4 Bxh4 0-1

[White "DARTHENAY, Antoine"]
[Black "DESPRATS EXPOSITO, Justin"]
[WhiteElo "1823"]
[BlackElo "1663"]
[Result "1/2-1/2"]
[Date "2026.03.06"]

[Event "Chpt Reg Jeunes Occitanie 2026 - Espalion"]
[Site "Espalion, France"]
[Round "6.5"]
[ECO "?"]
[Annotator "?"]
[TimeControl "1h30 + 30sec/cp"]

1. e4 c6 2.
c4 d5 3.
cxd5 cxd5 4. exd5 Nf6 5. Qa4+ Bd7 6. Qb3 Qc7 7. Nc3 g6 8. g3 Bg7 9. Bg2 O-O 10. Nge2 a5 11. a4 Na6 12. d4 Nb4 13. O-O Bf5 14. Bd2 Bc2 15. Qa3 Bd3 16. Rac1 Qd7 17. Rfe1 Bf5 18. Red1 Nd3 19. Ra1 Nb4 20. Rac1 Nd3 21.
Ra1 1/2-1/2

[White "FOPPOLO, Marvin"]
[Black "DECLERCK, Timothee"]
[WhiteElo "1880"]
[BlackElo "1854"]
[Result "1-0"]
[Date "2026.03.07"]

[Event "Chpt Reg Jeunes Occitanie 2026 - Espalion"]
[Site "Espalion, France"]
[Round "7.1"]
[ECO "?"]
[Annotator "?"]
[TimeControl "1h30 + 30sec/cp"]

1. e4 c6 2. d4 d5 3. exd5 cxd5 4. c4 Nf6 5. Nc3 g6 6. Qb3 Bg7 7. cxd5 O-O 8. Be2 Nbd7 9. Bf3 Nb6 10. Nge2 Bg4 11.
Bxg4 Nxg4 12. a4 Qc7 13. a5 Qc4 14. Ra3 Qxb3 15. Rxb3 Nc4 16. Rxb7 Nxa5 17. Rxe7 Rfd8 18. Bf4 Bf8 19. Rc7 h6 20. O-O Nf6 21. Ra1 Nxd5 22. Rxa5 Nxf4 23. Nxf4 Bd6 24.
Nfd5 Bxc7 25. Nxc7 Rab8 26. N3b5 Rb7 27. Kf1 Rc8 28. Nd5 Rc1+ 29. Ke2 Rc2+ 30. Kf3 Rxb2 31. Nxa7 R7b3+ 32. Ne3 Rd2 33. d5 Rbb2 34.
Ra3 Rxf2+ 35. Ke4 Rbd2 36. Nc6 Kg7 37. Nd4 Ra2 38. Rc3 Ra7 39. d6 Rd7 40. Kd5 Rf6 41. Nb5 Re6 42. Kc6 Rd8 43. Kc7 Rdxd6 44. Nxd6 h5 45. Kc6 Re5 46.
Rb3 h4 47.
Rb7 Rxe3 48. Rxf7+ Kg8 49. Rf4 Re2 50. Rg4 h3 51. gxh3 Kh7 52. Rg3 Rxh2 53. Kd5 Kh6 54. Ne4 Kh5 55. Rf3 Kh4 56. Nf2 Rg2 57. Ke4 Rg3 58.
Rf4+ Kh5 59. Rf8 Ra3 60. Rh8+ Kg5 61. h4+ Kf6 62. Ng4+ Kg7 63. Rd8 Ra4+ 64. Rd4 Ra7 65. Kf4 Rb7 66. Rd5 Rf7+ 67. Kg5 Ra7 68. Ne5 Ra1 69. Rd7+ Kf8 70.
Nxg6+ Ke8 71. Re7+ Kd8 72. Re4 Kd7 73. h5 Kd6 74. h6 Ra7 75. Kf6 Rh7 76. Rh4 1-0

[White "POSOCCO DE GRANDI, Marc"]
[Black "BORCEUX, Theophile"]
[WhiteElo "1871"]
[BlackElo "1888"]
[Result "1/2-1/2"]
[Date "2026.03.07"]

[Event "Chpt Reg Jeunes Occitanie 2026 - Espalion"]
[Site "Espalion, France"]
[Round "7.2"]
[ECO "?"]
[Annotator "?"]
[TimeControl "1h30 + 30sec/cp"]

1. d4 d5 2.
c4 Nc6 3.
cxd5 Qxd5 4. Nf3 e5 5. Nc3 Bb4 6. Bd2 Bxc3 7. Bxc3 e4 8. Ne5 Nxe5 9. dxe5 Be6 10. Qxd5 Bxd5 11. e3 Ne7 12. Be2 Ng6 13. a3 O-O-O 14. Bh5 Bc4 15. Bxg6 hxg6 16. Bd4 Bb3 17. Rc1 a5 18. Bb6 Rd7 19. Bxa5 Kb8 20.
O-O b6 21.
Bc3 Rd3 22. Ra1 b5 23. Bd4 Kb7 24. Rac1 Bc4 25. Rfe1 Kc6 26. a4 Ra8 27. axb5+ Kxb5 28. Ra1 Rxa1 29. Rxa1 c5 30. Bc3 Bb3 31. h4 Rd1+ 32. Rxd1 Bxd1 33. e6 fxe6 34. Bxg7 Kc6 35.
Kh2 Kd5 36. Bc3 e5 37. Kh3 Ke6 38. g4 Bf3 39. Kg3 c4 40. Kh3 Kf6 41. Kg3 Ke6 42. Kh3 Kd5 1/2-1/2

[White "LADIER, Lucas"]
[Black "AK, Maxime"]
[WhiteElo "1833"]
[BlackElo "1800"]
[Result "1-0"]
[Date "2026.03.07"]

[Event "Chpt Reg Jeunes Occitanie 2026 - Espalion"]
[Site "Espalion, France"]
[Round "7.3"]
[ECO "?"]
[Annotator "?"]
[TimeControl "1h30 + 30sec/cp"]

1. e4 e5 2.
Nf3 Nc6 3.
Bc4 Bc5 4.
c3 Nf6 5.
d4 exd4 6.
e5 d5 7.
Bb5 Ne4 8.
cxd4 Bb4+ 9. Nbd2 Bd7 10. Qa4 Nxd2 11. Bxd2 Bxd2+ 12. Nxd2 O-O 13. O-O f6 14. Rae1 a6 15. Bxc6 Bxc6 16. Qa3 Bb5 17. Qg3 Bxf1 18. Nxf1 fxe5 19.
dxe5 Qe7 20. Ne3 c6 21. f4 Rae8 22. Ng4 Kh8 23. Rf1 Qe6 24. h4 Qg6 25. Qf3 h5 26. Nf2 Rxe5 27. Nh3 Ref5 28. Qb3 Qf7 29. Ng5 Qe7 30. g3 Re8 31. Kg2 d4 32. Rf2 Qd7 33. Qd1 g6 34. Nf3 Qd5 35. Kh2 Qe4 36.
Rd2 c5 37.
b4 d3 38.
Rxd3 Qe2+ 39. Qxe2 Rxe2+ 40. Kh3 Rxa2 41. Rd8+ Kg7 42. Ng5 Rxg5 43. hxg5 cxb4 44. Rd7+ Kf8 45. Rxb7 a5 46. Rb6 Kf7 47. Rb7+ Ke6 48.
Rb6+ Kf5 49. Rf6+ Ke4 50. f5 gxf5 51. g6 Ke5 52. g7 Kxf6 53. g8=Q Ra3 54. Kh4 Ke5 55. Qc4 Kf6 56. Qd5 Re3 57. Qxa5 Re4+ 58. Kxh5 Rg4 59.
Qb6+ Ke5 60. Qc5+ Ke6 61. Qc8+ Kf6 62. Qe8 Rg5+ 63. Kh4 Rg4+ 64. Kh3 Re4 65. Qf8+ Ke6 66. Qh6+ Ke5 67. Qc6 Rg4 68.
Kh2 Re4 69. Kg2 Re2+ 70. Kf3 Re4 71. Qc5+ Ke6 72. Qc6+ Ke5 73. Qe8+ Kf6 74. Qf8+ Ke5 75. Qe7+ Kd5 76. Qf6 b3 77.
Qxf5+ Re5 78. Qd3+ 1-0

[White "KERCKHOVE, Cody"]
[Black "DARTHENAY, Antoine"]
[WhiteElo "1588"]
[BlackElo "1823"]
[Result "0-1"]
[Date "2026.03.07"]

[Event "Chpt Reg Jeunes Occitanie 2026 - Espalion"]
[Site "Espalion, France"]
[Round "7.4"]
[ECO "?"]
[Annotator "?"]
[TimeControl "1h30 + 30sec/cp"]

1. e4 c6 2.
d4 d5 3.
exd5 cxd5 4. Nf3 Nf6 5. h3 Bf5 6. Bd3 Bxd3 7. Qxd3 Nc6 8. c3 e6 9.
O-O Qc7 10.
Re1 Bd6 11. b3 O-O 12. Ba3 Rac8 13. Bxd6 Qxd6 14. Nbd2 a6 15. Ne5 b5 16. Nxc6 Rxc6 17. Rac1 Rfc8 18. Rc2 h6 19. Re3 Nh5 20. Rc1 Nf4 21. Qc2 b4 22. Nf3 Rxc3 23.
Rxc3 Rxc3 0-1

[White "DESPRATS EXPOSITO, Justin"]
[Black "DURKA-VINCENDET, Yan"]
[WhiteElo "1663"]
[BlackElo "1761"]
[Result "0-1"]
[Date "2026.03.07"]

[Event "Chpt Reg Jeunes Occitanie 2026 - Espalion"]
[Site "Espalion, France"]
[Round "7.5"]
[ECO "?"]
[Annotator "?"]
[TimeControl "1h30 + 30sec/cp"]

1. e4 e5 2.
f4 exf4 3.
Nf3 Nc6 4.
d4 d5 5.
exd5 Qxd5 6. Bxf4 Bg4 7. Be2 O-O-O 8. c3 Re8 9. O-O Qe4 10. Ng5 Bxe2 11. Qe1 Qe7 12. Rf2 Bh5 13. Qxe7 Bxe7 14. Nd2 Bxg5 15. Bxg5 f6 16. Bh4 Nge7 17. h3 Nd5 18. Rf5 Bf7 19. g4 Re2 20.
Nc4 Nde7 21. Rf3 0-1

[White "LADIER, Lucas"]
[Black "FOPPOLO, Marvin"]
[WhiteElo "1833"]
[BlackElo "1880"]
[Result "0-1"]
[Date "2026.03.07"]

[Event "Chpt Reg Jeunes Occitanie 2026 - Espalion"]
[Site "Espalion, France"]
[Round "8.2"]
[ECO "?"]
[Annotator "?"]
[TimeControl "1h30 + 30sec/cp"]

1. d4 d5 2.
Nc3 Nf6 3.
Bf4 e6 4.
e3 Bd6 5.
Bg3 O-O 6.
Nf3 b6 7.
Bd3 Bb7 8.
Ne5 Nbd7 9.
f4 Ne4 10.
Qh5 Ndf6 11. Qh3 Bb4 12. O-O Nxc3 13. bxc3 Bxc3 14. Bh4 g6 15. Ng4 Bb4 16. Bxf6 Be7 17. Nh6# 1-0

[White "GOURION, Sacha"]
[Black "POSOCCO DE GRANDI, Marc"]
[WhiteElo "1715"]
[BlackElo "1871"]
[Result "1/2-1/2"]
[Date "2026.03.07"]

[Event "Chpt Reg Jeunes Occitanie 2026 - Espalion"]
[Site "Espalion, France"]
[Round "8.3"]
[ECO "?"]
[Annotator "?"]
[TimeControl "1h30 + 30sec/cp"]

1. d4 Nf6 2. Bg5 d5 3. Bxf6 exf6 4. e3 Be6 5. Nd2 c6 6. c4 dxc4 7. Bxc4 Bxc4 8. Nxc4 Bb4+ 9. Nd2 O-O 10. Ngf3 c5 11. a3 Ba5 12. dxc5 Qd3 13. b4 Bc7 14. Qe2 Qxe2+ 15.
Kxe2 a5 16. Nc4 axb4 17. axb4 Rxa1 18. Rxa1 Na6 19. Rb1 Rd8 20. Nd4 Be5 21. Kd3 Nc7 22. Nd2 Bxd4 23. exd4 Ne6 24. Nf3 g5 25. Kc4 g4 26. d5 Nf4 27.
Nd4 Nxd5 28. Nf5 h5 29. Nd6 Nf4 30. Nxb7 Rd2 31. c6 Rc2+ 32. Kb5 Nd5 33. Ra1 Nc7+ 34. Kb6 Nd5+ 35. Kb5 Nc7+ 36. Kb6 Nd5+ 37. Kb5 1/2-1/2

[White "DECLERCK, Timothee"]
[Black "PICQ, Simon"]
[WhiteElo "1854"]
[BlackElo "1592"]
[Result "1-0"]
[Date "2026.03.07"]

[Event "Chpt Reg Jeunes Occitanie 2026 - Espalion"]
[Site "Espalion, France"]
[Round "8.4"]
[ECO "?"]
[Annotator "?"]
[TimeControl "1h30 + 30sec/cp"]

1. d4 Nf6 2. c4 e6 3.
Nc3 Bb4 4.
e3 b6 5.
Nf3 Bb7 6.
Be2 d6 7.
Qc2 Nbd7 8.
O-O Bxc3 9.
Qxc3 O-O 10. b3 Qe7 11. Bb2 Ne4 12. Qc2 c5 13. Rfd1 Rfd8 14. Nd2 Qh4 15. g3 Qh3 16. Nxe4 f5 17. d5 fxe4 18. Qxe4 e5 19. Bg4 Nf6 20. Bxh3 Nxe4 21. f4 exf4 22. exf4 Bc8 23.
Bg2 Bf5 24. Re1 Re8 25. g4 Bxg4 26. Bxe4 Rf8 27. Rf1 Rae8 28. Rae1 g6 29. Kg2 Bd1 30. Bc1 Bg4 31. Kg3 Bd7 32. Bd3 Kf7 33. Bd2 Ra8 34. f5 1-0

[White "DARTHENAY, Antoine"]
[Black "CAMPAGNOL, Leonard"]
[WhiteElo "1823"]
[BlackElo "1299"]
[Result "1-0"]
[Date "2026.03.07"]

[Event "Chpt Reg Jeunes Occitanie 2026 - Espalion"]
[Site "Espalion, France"]
[Round "8.5"]
[ECO "?"]
[Annotator "?"]
[TimeControl "1h30 + 30sec/cp"]

1. e4 c5 2.
Nc3 g6 3.
f4 Bg7 4.
Nf3 Nc6 5.
Bc4 e6 6.
O-O Nge7 7.
d3 d5 8.
Bb3 O-O 9.
e5 Nf5 10.
Ne2 b5 11.
c3 d4 12.
cxd4 Ncxd4 13. Nexd4 Nxd4 14. Be3 Bb7 15. Ng5 Rc8 16. Rc1 Qd7 17. Ne4 Bxe4 18. dxe4 Rfd8 19. Kh1 c4 20. Bc2 a5 21. Qd2 Nxc2 22. Qxc2 Qc7 23.
Qf2 Rd3 24. Bb6 Qb7 25. Rfe1 a4 26. Ba5 Ra8 27. Bc3 Rad8 28. a3 Bf8 29. f5 Bh6 30. Rc2 Rd1 31. Rce2 exf5 32. exf5 R8d3 33. fxg6 hxg6 34. e6 fxe6 35.
Rxe6 Qf7 36. Qe2 Bf8 37. Rf6 Rxe1+ 38. Qxe1 Qg7 39. Qe6+ Kh7 40. h3 Bd6 41. Rf1 1-0

[White "FOPPOLO, Marvin"]
[Black "GOURION, Sacha"]
[WhiteElo "1880"]
[BlackElo "1715"]
[Result "1-0"]
[Date "2026.03.08"]

[Event "Chpt Reg Jeunes Occitanie 2026 - Espalion"]
[Site "Espalion, France"]
[Round "9.1"]
[ECO "?"]
[Annotator "?"]
[TimeControl "1h30 + 30sec/cp"]

1. e4 c5 2.
Nf3 d6 3.
d4 cxd4 4.
Nxd4 Nf6 5.
Nc3 g6 6.
Be3 Bg7 7.
f3 O-O 8.
Qd2 Nc6 9.
O-O-O d5 10. exd5 Nxd5 11. Nxc6 bxc6 12. Bd4 Bxd4 13. Qxd4 e5 14. Qxe5 Re8 15. Qd4 Qg5+ 16. Qd2 Ne3 17. Re1 f5 18. Ne4 fxe4 19. Qxe3 Qa5 20.
Bc4+ Be6 21. Qxe4 Bd5 22. Qh4 h6 23. a3 g5 24. Bxd5+ cxd5 25. Qb4 1-0

[White "DARTHENAY, Antoine"]
[Black "BORCEUX, Theophile"]
[WhiteElo "1823"]
[BlackElo "1888"]
[Result "0-1"]
[Date "2026.03.08"]

[Event "Chpt Reg Jeunes Occitanie 2026 - Espalion"]
[Site "Espalion, France"]
[Round "9.2"]
[ECO "?"]
[Annotator "?"]
[TimeControl "1h30 + 30sec/cp"]

1. e4 Nc6 2. d4 d5 3.
e5 Bf5 4.
c3 e6 5.
Bd3 Nge7 6.
Nf3 Qd7 7.
Be3 f6 8.
O-O Bxd3 9.
Qxd3 fxe5 10. dxe5 Ng6 11. Bd4 Nce7 12. Nbd2 Nf5 13. Be3 c5 14. Rfe1 O-O-O 15. Rac1 h6 16. Nf1 Ngh4 17. Nxh4 Nxh4 18. Ng3 Qc6 19. f3 g5 20. b4 a6 21. a4 Qxa4 22. Bxc5 Bxc5+ 23.
bxc5 Qc6 24. Qd4 Rhf8 25. Rb1 Rf4 26. Rb6 Qxb6 27. cxb6 Rxd4 28. cxd4 Kd7 29. Nh5 Rc8 30. Re2 Rc4 31. Rd2 Nf5 32. f4 gxf4 33. Nxf4 Nxd4 34.
Kf2 Nf5 35. Kf3 Re4 36. Nxd5 Rxe5 37. Nf4+ Kc6 38. Rb2 Nd4+ 39. Kg4 Rg5+ 40. Kh3 a5 41. g4 Rb5 42. Rd2 Rb3+ 43. Kg2 e5 44. Nd3 Kd5 45. h4 Rxb6 46. Kg3 Rb3 47. Kf2 e4 48.
Nf4+ Kc4 49. Kg2 a4 50. g5 hxg5 51. hxg5 Rb5 52. g6 e3 53. Rxd4+ Kxd4 54. Ne6+ Kc3 55. g7 e2 56. g8=Q e1=Q 57. Qc8+ Kb2 58. Qc4 Qd2+ 59. Kg1 Qc1+ 0-1

[White "POSOCCO DE GRANDI, Marc"]
[Black "DECLERCK, Timothee"]
[WhiteElo "1871"]
[BlackElo "1854"]
[Result "1/2-1/2"]
[Date "2026.03.08"]

[Event "Chpt Reg Jeunes Occitanie 2026 - Espalion"]
[Site "Espalion, France"]
[Round "9.3"]
[ECO "?"]
[Annotator "?"]
[TimeControl "1h30 + 30sec/cp"]

1. d4 d5 2.
c4 e6 3.
Nf3 Nf6 4.
g3 Bb4+ 5.
Bd2 Be7 6.
Bg2 O-O 7.
O-O Nbd7 8.
Qc2 c6 9.
Rd1 b6 10.
Bf4 Bb7 11. Nc3 Rc8 12. e4 dxc4 13. Ne5 Nh5 14. Be3 b5 15. Nxd7 Qxd7 16. d5 b4 17. d6 bxc3 18. dxe7 Qxe7 19. Qxc3 a6 20. Qxc4 Rfd8 21. Qc5 Qxc5 22.
Bxc5 Nf6 23. f3 Rd7 24. Rxd7 Nxd7 25. Be3 Kf8 26. Rd1 Ke8 27. b4 c5 28. bxc5 Nxc5 29. Rb1 Ba8 30. Bxc5 Rxc5 31. Rb8+ Ke7 32. Rxa8 Ra5 33. Bf1 Rxa2 34. Rxa6 Rb2 35. Ra7+ Kf6 36. f4 g6 37. e5+ Kg7 38. h4 h5 39. Bg2 Rd2 40. Bf3 Rc2 41.
Kf1 Kg8 42. Be2 Rb2 43. Rd7 Ra2 44. Kf2 Rb2 45. Rd3 Rb1 46. Ke3 Rb4 47. Rc3 Kg7 48. Bc4 Rb1 49. Kd4 Rg1 50. Kc5 Rd1 51. Kc6 Rd2 52.
Kc7 Rd1 53. Bb5 Rd5 54. Bc6 Rd1 55. Ra3 Rd2 56. Bd7 Rb2 57. Kd6 Rb8 58. Ke7 Rb6 59. Rd3 Rb7 60. Rc3 Ra7 61. Ke8 Rb7 62. Bc8 Ra7 63.
Kd8 Kf8 64. Bd7 Rb7 65. Rc6 Rb8+ 66. Kc7 Rb3 67. Bxe6 fxe6 68. Rxe6 Rxg3 69. Rd6 Ke7 70. Rd7+ Ke6 71. Rd6+ Ke7 72. Rd7+ Ke6 73.
Rd6+ Ke7 74. Kd8 Kf7 75. Re6 Kf8 76. Kd7 Rg4 77. Rf6+ Rg3 78. Re6 Rd3+ 79. Rd6 Rf3 80. Kc7 Rg3 81. Re6 Re3 82. Kd7 Ra3 83. Rf6+ Kg7 84. Rc6 1/2-1/2

[White "DOUCEMENT, Timothee"]
[Black "LADIER, Lucas"]
[WhiteElo "1856"]
[BlackElo "1833"]
[Result "1/2-1/2"]
[Date "2026.03.08"]

[Event "Chpt Reg Jeunes Occitanie 2026 - Espalion"]
[Site "Espalion, France"]
[Round "9.4"]
[ECO "?"]
[Annotator "?"]
[TimeControl "1h30 + 30sec/cp"]

1. c4 c5 2.
Nc3 Nf6 3.
Nf3 d5 4.
cxd5 Nxd5 5. d4 Nxc3 6. bxc3 g6 7. e4 Bg7 8. Bb5+ Nc6 9. Bxc6+ bxc6 10. O-O O-O 11. h3 cxd4 12. cxd4 c5 13. Be3 Bb7 14. Qd3 Qa5 15. Rfc1 cxd4 16. Bxd4 Rfd8 17. Qe3 Bxd4 18.
Nxd4 Qe5 19. Nb3 Qxe4 20. Qxe4 Bxe4 21. Re1 Bd5 22. Rxe7 a5 23. Nc5 a4 24. a3 Kg7 1/2-1/2

[White "NIEDERMEYER, Thomas"]
[Black "KELEMEN, Thomas"]
[WhiteElo "1734"]
[BlackElo "1626"]
[Result "1-0"]
[Date "2026.03.08"]